 Dungeon Crawl Stone Soup version 0.21.1-1-g345015f (webtiles) character file.

1873 mike2R the Archer (level 8, -7/61 HPs)
             Began as a Centaur Hunter on June 15, 2018.
             Was a Priest of Ru.
             Mangled by Joseph
             ... wielding a +0 quarterstaff
              (12 damage)
             ... on level 7 of the Dungeon.
             The game lasted 00:54:34 (5724 turns).

mike2R the Archer (Centaur Hunter)                  Turns: 5724, Time: 00:54:35

Health: -7/61      AC: 11    Str: 21    XL:     8   Next: 91%
Magic:  8/8        EV:  9    Int: 10    God:    Ru [***...]
Gold:   330        SH:  0    Dex: 16    Spells: 7/7 levels left

rFire    . . .     SeeInvis .   b - +5 dagger (speed)
rCold    . . .     Gourm    .   (no shield)
rNeg     + . .     Faith    .   L - +3 ring mail
rPois    .         Spirit   .   (no helmet)
rElec    .         Reflect  .   (no cloak)
rCorr    .         Harm     .   C - +1 pair of gloves
MR       +....                  (no barding)
Stlth    +.........             (no amulet)
HPRegen  0.20/turn              D - ring of positive energy
MPRegen  0.11/turn              I - ring of protection from magic

@: mighty, agile, exhausted, drained, very quick
A: large, hooves 3, deformed body, speed 2, tough skin 3, hated by all, reduced
EV 1
a: Draw Out Power, Renounce Religion


You were on level 7 of the Dungeon.
You worshipped Ru.
Ru was most pleased with you.
You were not hungry.

You visited 1 branch of the dungeon, and saw 8 of its levels.

You collected 330 gold pieces.

Inventory:

Hand Weapons
 a - a +1 shortbow
 b - a +5 dagger of speed (weapon)
 s - a +0 scimitar
 t - a +0 club
 x - a +0 mace
 y - a +0 quarterstaff
 z - a +0 war axe
 E - a +1 scythe of protection
 K - a +0 rapier
Missiles
 d - an arrow
 l - 230 stones
 B - 7 javelins (quivered)
Armour
 c - a +0 leather armour
 h - a +0 troll leather armour {Purgy}
 n - a +0 chain mail
 r - a +0 ring mail
 C - a +1 pair of gloves (worn)
 L - a +3 ring mail (worn)
Jewellery
 D - a ring of positive energy (left hand)
 I - a ring of protection from magic (right hand)
Wands
 v - a wand of random effects (21)
Scrolls
 i - a scroll of fear
 o - a scroll of fog
 p - a scroll of amnesia
 q - 6 scrolls of teleportation
 w - 6 scrolls of remove curse
 A - a scroll of blinking
 H - a scroll of noise {unknown}
 N - a scroll of identify
Potions
 g - 2 potions of curing
 j - 2 potions of magic
 m - a potion of cancellation
 u - a potion of mutation
 G - a potion of flight
 M - 2 potions of heal wounds {unknown}
Comestibles
 f - 15 rations


   Skills:
 - Level 2.0(1.3) Fighting
 + Level 13.1(12.2) Bows
 - Level 4.7(4.0) Armour
 - Level 1.3(0.7) Dodging
 - Level 0.4(0.0) Stealth


You had 7 spell levels left.
You didn't know any spells.

Dungeon Overview and Level Annotations

Branches:
Dungeon (8/15)             Temple (0/1) D:4
   Lair: D:8-11

Altars:
Hepliaklqana
Nemelex Xobeh
Ru
Vehumet
Xom

Annotations:
D:7 Joseph, Pikel
D:8 Gastronok


Innate Abilities, Weirdness & Mutations

You have hooves in place of feet.
Armour fits poorly on your strangely shaped body.
You cover ground very quickly.
You have extremely tough skin. (AC +3)
You are hated by all.
You have somewhat slow reflexes. (EV -5)


Message History

You strike the helpless Joseph from behind!
You hit Joseph but do no damage. You kick Joseph!
Joseph is severely wounded.
You barely miss Joseph.
Joseph is severely wounded.
Joseph hits you with an uncursed quarterstaff!
* * * LOW HITPOINT WARNING * * *
You're too exhausted to draw out your power.
You feel very mighty all of a sudden. Joseph hits you but does no damage.
You catch the helpless Joseph completely off-guard!
You hit Joseph. You kick Joseph!
Joseph is almost dead.
You barely miss Joseph.
Joseph is almost dead.
You barely miss Joseph. Your kick misses Joseph.
Joseph is almost dead.
Joseph is no longer blind.
Joseph hits you with an uncursed quarterstaff!
You die...

##############'###.####
#................#.....
####................###...
#...................# #...
####..............##+### #...
##....................## #...
#......................# #...
#............@.(.(<.##.# #...
#....###..(((@......##.# #...
#....######(........##.####...
###....>....'...................
#.....)..###.#.....######.###...#
#.###....###.############.###...#
# #..........(................'
########.....########.###...#
#.....###@# ####.###...#
#.....(...# ....#...#...#


You could see Joseph.

Vanquished Creatures
  The ghost of emiel the Cudgeler, an amateur OgWn (D:5)
  Sigmund (D:5)
  Eustachio (D:6)
  The ghost of RottenKnight the Magician, an amateur DsWz (D:4)
  A water moccasin (D:7)
  A sky beast (D:6)
  Purgy (D:4)
  A phantom (D:6)
  A black bear (D:4)
  2 ogres
  A scorpion (D:6)
  A howler monkey (D:7)
  5 hounds
  An orc priest (D:3)
  An orc wizard (D:4)
  Natasha (twice) (D:2)
  A worker ant (D:6)
  A hound skeleton (D:6)
  3 gnolls (D:2)
  6 adders
  A howler monkey skeleton (D:6)
  An ooze (D:1)
  2 worms
  2 dart slugs
  5 leopard geckos
  11 orcs
  2 giant cockroaches
  8 goblins
  7 hobgoblins
  4 jackals (D:2)
  3 kobolds
  3 quokkas
  2 ball pythons
  13 bats
  A frilled lizard (D:2)
  2 leopard gecko zombies
  A quokka skeleton (D:4)
  9 rats
110 creatures vanquished.

Notes
Turn   | Place    | Note
-------+----------+-------------------------------------------
     0 | D:1      | mike2R the Centaur Hunter began the quest for the Orb.
     0 | D:1      | Reached XP level 1. HP: 17/17 MP: 1/1
   160 | D:1      | Reached skill level 6 in Bows
   160 | D:1      | Reached XP level 2. HP: 24/24 MP: 2/2
   837 | D:2      | Reached XP level 3. HP: 18/29 MP: 3/3
  1128 | D:2      | Reached skill level 1 in Armour
  1229 | D:2      | Reached XP level 4. HP: 36/36 MP: 4/4
  1304 | D:2      | Noticed Natasha
  1346 | D:2      | Killed Natasha
  1375 | D:2      | Found a radiant altar of Vehumet.
  1613 | D:2      | Noticed Natasha
  1621 | D:2      | Killed Natasha
  1621 | D:2      | Reached XP level 5. HP: 22/41 MP: 5/5
  2176 | D:3      | Found a faded altar of an unknown god.
  2180 | D:3      | Became a worshipper of Ru the Awakened
  2212 | D:3      | Gained mutation: You have somewhat slow reflexes. (EV -5) [Ru sacrifice]
  2212 | D:3      | Reached * piety under Ru
  2212 | D:3      | Reached ** piety under Ru
  2422 | D:4      | Noticed RottenKnight's ghost (amateur DsWz)
  2442 | D:4      | Killed RottenKnight's ghost
  2442 | D:4      | Reached XP level 6. HP: 25/48 MP: 6/6
  2457 | D:4      | Found a staircase to the Ecumenical Temple.
  2644 | D:4      | Noticed Purgy
  2665 | D:4      | Killed Purgy
  2814 | D:4      | Reached skill level 7 in Bows
  2909 | D:4      | Reached XP level 7. HP: 55/55 MP: 7/7
  2985 | D:4      | Reached skill level 8 in Bows
  3546 | D:5      | Entered Level 5 of the Dungeon
  3633 | D:5      | Noticed emiel's ghost (amateur OgWn)
  3660 | D:5      | Noticed Sigmund
  3692 | D:5      | Killed Sigmund
  3692 | D:5      | Reached skill level 9 in Bows
  3787 | D:5      | Killed emiel's ghost
  3787 | D:5      | Reached skill level 10 in Bows
  3787 | D:5      | Reached XP level 8. HP: 23/61 MP: 8/8
  4327 | D:6      | Found a sparkling altar of Nemelex Xobeh.
  4366 | D:6      | Reached skill level 11 in Bows
  4436 | D:6      | Found a hazy altar of Hepliaklqana.
  4468 | D:6      | Found a shimmering altar of Xom.
  4469 | D:6      | Found a shimmering altar of Xom.
  4469 | D:6      | Found a shimmering altar of Xom.
  4469 | D:6      | Found a shimmering altar of Xom.
  4469 | D:6      | Found a shimmering altar of Xom.
  4470 | D:6      | Found a shimmering altar of Xom.
  4470 | D:6      | Found a shimmering altar of Xom.
  4470 | D:6      | Found a shimmering altar of Xom.
  4470 | D:6      | Found a shimmering altar of Xom.
  4608 | D:6      | Noticed Eustachio
  4657 | D:6      | Killed Eustachio
  4657 | D:6      | Reached skill level 12 in Bows
  4880 | D:6      | Gained mutation: You are hated by all. [Ru sacrifice]
  4880 | D:6      | Reached *** piety under Ru
  5066 | D:8      | Noticed Gastronok
  5276 | D:7      | Reached skill level 13 in Bows
  5318 | D:7      | Noticed Pikel
  5467 | D:7      | Noticed Joseph
  5724 | D:7      | Mangled by Joseph

Skill      XL: |  1  2  3  4  5  6  7  8 |
---------------+-------------------------+-----
Bows           | 6 7 10 13 | 13.1
Armour         | 1 2 4 |  4.7
Fighting       | |  2.0
Dodging        | |  1.3
Stealth        | |  0.4

Action                   |  1- 3 |  4- 6 |  7- 9 || total
-------------------------+-------+-------+-------++-------
Melee: Dagger            |    45 |    94 |    98 ||   237
       Kick              |     4 |    16 |    28 ||    48
       Scythe            |       |       |    42 ||    42
 Fire: Shortbow          |    56 |    51 |   112 ||   219
Throw: Javelin           |     4 |     4 |     5 ||    13
       Stone             |     2 |     2 |     3 ||     7
Invok: Sacrifice Health  |       |     1 |       ||     1
       Draw Out Power    |       |       |     2 ||     2
       Sacrifice Love    |       |       |     1 ||     1
Evoke: Wand              |       |       |     4 ||     4
  Use: Scroll            |     3 |     9 |     6 ||    18
       Potion            |       |       |     2 ||     2
 Stab: Invisible         |       |       |     2 ||     2
  Eat: Chunk             |       |     4 |     4 ||     8
       Ration            |       |       |     1 ||     1
Armor: Leather armour    |    13 |       |       ||    13
       Chain mail        |    14 |       |       ||    14
       Ring mail         |     4 |    30 |    24 ||    58
       Troll leather arm |       |     3 |    60 ||    63
Dodge: Dodged            |    16 |    25 |    27 ||    68
